 Dungeon Crawl Stone Soup version 0.25-a0-992-gca090100c3 (webtiles) character file.

Game seed: 3884371260047376000, levelgen mode: deterministic

149 Gwenloh the Grasshopper (level 5, 0/34 HPs)
             Began as a Halfling Warper on May 10, 2020.
             Slain by a water moccasin (6 damage)
             ... on level 4 of the Dungeon.
             The game lasted 00:15:37 (4325 turns).

Gwenloh the Grasshopper (Halfling Warper)           Turns: 4325, Time: 00:15:38

Health: 0/34       AC:  4    Str: 12    XL:     5   Next: 56%
Magic:  0/8        EV: 15    Int: 12    God:
Gold:   287        SH:  0    Dex: 14    Spells: 1/8 levels left

rFire    . . .     SeeInvis .   b - +0 short sword
rCold    . . .     Gourm    .   (shield restricted)
rNeg     . . .     Faith    .   r - +0 leather armour
rPois    .         Spirit   +   (no helmet)
rElec    .         Reflect  .   (no cloak)
rCorr    .         Harm     .   w - +0 pair of gloves
MR       .....                  (no boots)
Stlth    +.........             j - amulet of guardian spirit
HPRegen  0.11/turn              (no ring)
MPRegen  0.11/turn              (no ring)

@: lethally poisoned (0 -> -1)
A: small, mutation resistance 1
a: no special abilities


You were on level 4 of the Dungeon.
You were not hungry.

You visited 1 branch of the dungeon, and saw 5 of its levels.

You collected 287 gold pieces.

Inventory:

Hand Weapons
 a - a +0 hunting sling
 b - a +0 short sword (weapon)
Missiles
 e - 5 boomerangs of dispersal
 l - 149 stones (quivered)
 p - 13 sling bullets
Armour
 r - a +0 leather armour (worn)
 w - a +0 pair of gloves (worn)
Jewellery
 j - an amulet of guardian spirit (around neck)
Wands
 t - a wand of iceblast (11)
Scrolls
 c - 6 scrolls of teleportation {unknown}
 d - a scroll of blinking
 g - a scroll of magic mapping {unknown}
 m - 2 scrolls of enchant armour {unknown}
 n - 6 scrolls of remove curse {unknown}
 q - a scroll of fog {unknown}
 s - 6 scrolls of identify {unknown}
 x - a scroll of fear {unknown}
Potions
 h - a potion of degeneration {unknown}
 i - 2 potions of lignification {unknown}
 k - a potion of flight {unknown}
 o - 2 potions of curing {unknown}
 u - a potion of mutation {unknown}
 v - a potion of might {unknown}
Comestibles
 f - 8 rations


   Skills:
 + Level 2.2 Fighting
 + Level 3.5 Short Blades
 * Level 1.9(2.2) Slings
 - Level 1.0(1.3) Throwing
 + Level 2.0 Armour
 + Level 2.7 Dodging
 + Level 2.0 Spellcasting
 + Level 1.6 Charms
 + Level 3.8 Translocations


You had one spell level left.
You knew the following spells:

 Your Spells              Type           Power        Failure   Level  Hunger
a - Blink                 Tloc           N/A          11%         2    ###....
b - Shroud of Golubria    Chrm/Tloc      #.....       17%         2    ###....
c - Gell's Gravitas       Tloc           ##........   22%         3    ####...

Your spell library contained the following spells:

 Spells                   Type           Power        Failure   Level  Hunger
 Beastly Appendage        Tmut           #.....       34%         1    ##.....
 Magic Dart               Conj           #...         34%         1    ##.....
 Lesser Beckoning         Tloc           ##........   22%         3    ####...
 Teleport Other           Tloc           ##......     22%         3    ####...
 Sticks to Snakes         Tmut           #.......     45%         2    ###....
 Passage of Golubria      Tloc           N/A          56%         4    #####..
 Spider Form              Tmut/Pois      #.........   71%         3    ####...
 Ice Form                 Ice/Tmut       #.......     98%         4    #####..
 Blade Hands              Tmut           #.........   100%        5    ######.


Dungeon Overview and Level Annotations

Branches:
Dungeon (5/15)
 Temple: D:4-7

Altars:
Ashenzari
Fedhas
Kikubaaqudgha
Nemelex Xobeh
Sif Muna
Uskayaw
Vehumet
Wu Jian


Innate Abilities, Weirdness & Mutations

You are small and have problems with some larger weapons.
You are somewhat resistant to further mutation.


Message History

* * * LOW HITPOINT WARNING * * *
You feel sick. The water moccasin bites you.
* * * LOW HITPOINT WARNING * * *
Casting: Blink (safe; 11% risk of failure)
Confirm with . or Enter, or press ? or * to list all spells.
You blink.
You feel sick. The water moccasin barely misses you.
Casting: Blink (safe; 11% risk of failure)
Confirm with . or Enter, or press ? or * to list all spells.
You don't have enough magic to cast that spell.
The water moccasin closely misses you.
You feel sick.
Casting: Blink (safe; 11% risk of failure)
Confirm with . or Enter, or press ? or * to list all spells.
You don't have enough magic to cast that spell.
You closely miss the water moccasin.
The water moccasin is lightly wounded.
The water moccasin bites you.
You die...

.....###...####..........#.......
...............##........#.......
...............##........#.......
.................................
.................................
............##...................
............##...#...............
..####.[....##...S...............
### #......##..@###.............
#########...<##.....#.#.....
#....########.#..... #....#
#.###### #....# #.# ##.#.# #.#
#.#.# #.# #.#.# #.#
#.#.########.#


You could see a water moccasin.

Vanquished Creatures
  A hound (D:4)
  A killer bee zombie (D:5)
  A gnoll (D:3)
  An adder (D:2)
  3 worms
  A dart slug (D:1)
  A leopard gecko (D:3)
  2 orcs (D:3)
  3 ball pythons
  A giant cockroach (D:1)
  13 goblins
  5 hobgoblins
  5 jackals
  5 kobolds
  3 quokkas
  7 bats
  A frilled lizard (D:3)
  6 rats
60 creatures vanquished.

Notes
Turn   | Place    | Note
-------+----------+-------------------------------------------
     0 | D:1      | Gwenloh the Halfling Warper began the quest for the Orb.
     0 | D:1      | Reached XP level 1. HP: 14/14 MP: 3/3
   398 | D:1      | Reached XP level 2. HP: 19/19 MP: 4/4
   404 | D:1      | Learned a level 2 spell: Blink
   407 | D:1      | Learned a level 2 spell: Shroud of Golubria
   475 | D:1      | You fall into a shaft and drop 1 floor!
   840 | D:1      | Reached XP level 3. HP: 24/24 MP: 5/5
  1805 | D:2      | Reached skill level 1 in Charms
  1837 | D:2      | Found a shimmering blue altar of Sif Muna.
  1837 | D:2      | Found an ancient bone altar of Kikubaaqudgha.
  1838 | D:2      | Found a radiant altar of Vehumet.
  1846 | D:2      | Identified Vehumet's Almanac of Arcane Weapons
  1977 | D:2      | Reached XP level 4. HP: 27/29 MP: 6/6
  2000 | D:2      | Found a blossoming altar of Fedhas.
  2212 | D:2      | Found a shattered altar of Ashenzari.
  2815 | D:3      | Found an ornate altar of the Wu Jian Council.
  2816 | D:3      | Found a hide-covered altar of Uskayaw.
  2918 | D:3      | Reached skill level 1 in Slings
  3400 | D:4      | Found a sparkling altar of Nemelex Xobeh.
  3549 | D:4      | Reached XP level 5. HP: 34/34 MP: 7/7
  3554 | D:4      | Learned a level 3 spell: Gell's Gravitas
  4151 | D:5      | Entered Level 5 of the Dungeon
  4294 | D:5      | Noticed a water moccasin
  4325 | D:4      | Slain by a water moccasin

Illustrated notes

Levels and vault maps discovered:
D:1:      lemuel_arrival_hallway, layout_loops_corners
D:2:      layout_rooms, grunt_temple_overflow_magic_moments, lemuel_round_altar,
          evilmike_ruin_ashenzari
D:3:      layout_basic, gammafunk_temple_overflow_statue
D:4:      layout_basic, first_ration, nemelex_spade_bored_becter
D:5:      layout_loops_corners, uniq_sigmund

Skill      XL: |  1  2  3  4  5 |
---------------+----------------+-----
Fighting       | 2 |  2.2
Short Blades   | 3 |  3.5
Charms         | 1 |  1.6
Slings         | 1 |  1.9
Armour         | 2 |  2.0
Spellcasting   | 2 |  2.0
Throwing       | |  1.0
Dodging        | |  2.7
Translocations | |  3.8

Action                   |  1- 3 |  4- 6 || total
-------------------------+-------+-------++-------
Melee: Short sword       |   152 |    95 ||   247
 Fire: Hunting sling     |     7 |    89 ||    96
Throw: Stone             |     7 |       ||     7
 Cast: Shroud of Golubri |     2 |     5 ||     7
       Blink             |       |     2 ||     2
 Stab: Sleeping          |     2 |       ||     2
  Eat: Chunk             |     4 |     4 ||     8
       Ration            |       |     1 ||     1
Armor: Leather armour    |    35 |    13 ||    48
Dodge: Dodged            |    95 |    96 ||   191

Table legend:
 A = Non-vault XP
 B = Vault XP
 C = Vault XP percentage of total XP
 D = Non-vault monster count
 E = Vault monster count
 F = Vault count percentage of total count
                 A         B        C        D         E       F
            +---------+---------+-------+---------+---------+-------
      Total |     213 |       0 |   0.0 |      60 |       0 |   0.0
            +---------+---------+-------+---------+---------+-------
        D:1 |      42 |       0 |   0.0 |      22 |       0 |   0.0
        D:2 |      46 |       0 |   0.0 |      16 |       0 |   0.0
        D:3 |      48 |       0 |   0.0 |      19 |       0 |   0.0
        D:4 |      48 |       0 |   0.0 |       2 |       0 |   0.0
        D:5 |      29 |       0 |   0.0 |       1 |       0 |   0.0
            +---------+---------+-------+---------+---------+-------
